 Dungeon Crawl Stone Soup version 0.27.1-34-g3ba077fa99 (webtiles) character file.

Game seed: 7601131234742836205

72 boopmooplesden the Covered (level 4, -1/40 HPs)
             Began as a Minotaur Fighter on Jan 9, 2022.
             Killed from afar by an orc wizard (5 damage)
             ... with a puff of flame
             ... on level 3 of the Dungeon.
             The game lasted 00:02:19 (2682 turns).

boopmooplesden the Covered (Minotaur Fighter)       Turns: 2682, Time: 00:02:20

Health: -1/40      AC:  7    Str: 21    XL:     4   Next: 7%
Magic:  3/3        EV:  8    Int:  5    God:
Gold:   86         SH:  9    Dex: 10    Spells: 3/3 levels left

rFire    . . .     SeeInvis .   a - +0 long sword
rCold    . . .     Faith    .   c - +0 kite shield
rNeg     . . .     Spirit   .   b - +0 scale mail
rPois    .         Reflect  .   (helmet restricted)
rElec    .         Harm     .   (no cloak)
rCorr    .         Rampage  .   (no gloves)
Will     .....                  (no boots)
Stlth    ..........             (no amulet)
HPRegen  0.13/turn              (no ring)
MPRegen  0.08/turn              (no ring)

@: mighty, flying
A: horns 2, retaliatory headbutt
a: no special abilities


You were on level 3 of the Dungeon.
You visited 1 branch of the dungeon, and saw 3 of its levels.

You collected 86 gold pieces.

Inventory:

Hand Weapons
 a - a +0 long sword (weapon)
Armour
 b - a +0 scale mail (worn)
 c - a +0 kite shield (worn)
Scrolls
 g - a scroll of teleportation {unknown}
 i - a scroll of fear {unknown}
 k - a scroll of magic mapping {unknown}
 l - 4 scrolls of acquirement {unknown}
Potions
 d - a potion of might
 e - a potion of lignification {unknown}
 f - a potion of flight
 h - a potion of haste {unknown}
 j - a potion of heal wounds {unknown}
 m - a potion of attraction {unknown}


   Skills:
 + Level 4.0 Fighting
 + Level 3.3 Long Blades
 + Level 4.5 Armour
 + Level 1.0 Dodging
 + Level 4.2 Shields


You had 3 spell levels left.
You didn't know any spells.
Your spell library was empty.

Dungeon Overview and Level Annotations

Branches:
Dungeon (3/15)

Altars:
Sif Muna


Innate Abilities, Weirdness & Mutations

You have a pair of horns on your head.
You reflexively headbutt those who attack you in melee.


Message History

You bump into the rock wall.
You hear some strange, mumbled words.
Something tries to affect you, but you resist.
The orc hits you with a +0 flail.
The orc wizard hits you but does no damage.
Unknown command.
The orc hits you with a +0 flail!
You closely miss the orc. You headbutt the orc.
The orc is lightly wounded.
The orc hits you but does no damage.
The orc wizard gestures at you while chanting.
The puff of flame hits you!
* * * LOW HITPOINT WARNING * * *
Something hits you but does no damage. The orc completely misses you.
The orc wizard hits you but does no damage.
You feel less confused.
You feel very mighty all of a sudden. The orc barely misses you.
You riposte.
You slash the orc!
You kill the orc!
Your Dodging skill increases to level 1!
It was a potion of flight.
You feel very buoyant.
You fly up into the air.
The orc hits you with a +0 flail.
* * * LOW HITPOINT WARNING * * *
The orc wizard casts a spell.
The orc wizard flickers and vanishes!
You hit the orc.
The orc is heavily wounded.
You block the orc's attack.
You barely miss something. Your headbutt misses something.
Something hits you but does no damage.
You miss something. Something hits you.
* * * LOW HITPOINT WARNING * * *
You hit something. Something hits you.
* * * LOW HITPOINT WARNING * * *
You hear some strange, mumbled words.
A puff of flame appears from out of thin air!
The puff of flame hits you.
You die...

.....
...........#####.#.# .
...........#............
.
...........#............
. .......
...#............ .......
#.#........#... .......
#.............. .......
#..............
.......###o..........#.#
.......@{.o.#........#.#
...########.##......##.#
)..#..........
...............
....#..........
.....#..........
.....#...##..#.. .
##.#.. #....


You could see 2 orcs.

Vanquished Creatures
  An adder (D:2)
  A worm (D:2)
  2 dart slugs (D:2)
  An orc (D:3)
  A ball python (D:1)
  6 bats (D:1)
  5 endoplasms (D:1)
  5 giant cockroaches
  6 goblins
  4 hobgoblins
  2 jackals (D:2)
  4 kobolds
  3 quokkas
  3 frilled lizards
  5 rats
49 creatures vanquished.

Vanquished Creatures (others)
  4 plants (D:2)
4 creatures vanquished.

Grand Total: 53 creatures vanquished

Notes
Turn   | Place    | Note
-------+----------+-------------------------------------------
     0 | D:1      | boopmooplesden the Minotaur Fighter began the quest for the
                  | Orb.
     0 | D:1      | Reached XP level 1. HP: 19/19 MP: 0/0
   442 | D:1      | Reached XP level 2. HP: 27/27 MP: 1/1
   578 | D:1      | Found a faded altar of an unknown god.
   844 | D:1      | Reached XP level 3. HP: 33/33 MP: 2/2
  2358 | D:2      | Reached XP level 4. HP: 40/40 MP: 3/3
  2552 | D:3      | Found a shimmering blue altar of Sif Muna.
  2678 | D:3      | Reached skill level 1 in Dodging
  2682 | D:3      | Killed from afar by an orc wizard

Illustrated notes

Levels and vault maps discovered:
D:1:      minmay_arrival_shattered_statue, layout_loops_corners,
          hellmonk_ecumenical_altar_blasted, minmay_tall_x
D:2:      layout_loops_corners, serial_forest, infiniplex_forest_clump_medium,
          infiniplex_forest_clump_small, infiniplex_forest_lined_1,
          infiniplex_forest_clump_curved, infiniplex_forest_end_3,
          infiniplex_forest_end_3, infiniplex_forest_lined_ring,
          infiniplex_forest_straight_4
D:3:      layout_basic, mainiacjoe_overflow_brackets, lemuel_round_altar

Skill      XL: |  1  2  3  4 |
---------------+-------------+-----
Fighting       | 4 |  4.0
Armour         | 4 |  4.5
Shields        | 4 |  4.2
Long Blades    | 3 |  3.3
Dodging        | 1 |  1.0

Action                   |  1- 3 |  4- 6 || total
-------------------------+-------+-------++-------
Melee: Long sword        |   120 |    14 ||   134
       Headbutt          |    16 |     3 ||    19
  Use: Potion            |       |     2 ||     2
Armor: Scale mail        |    71 |    16 ||    87
Dodge: Dodged            |    38 |     5 ||    43
Block: Kite shield       |    87 |     7 ||    94
       Rpst.: Long sword |     8 |     1 ||     9
